 Dungeon Crawl Stone Soup version 0.30-a0-862-g1aabd4f9c5 (webtiles) character file.

Game seed: 16770887439655116647

13912 Querens the Fighter (level 12, -20/94 HPs)
             Began as a Djinni Conjurer on Mar 9, 2023.
             Was a High Priest of Makhleb.
             Demolished by an ettin
             ... wielding a +0 great mace
              (26 damage)
             ... on level 2 of the Orcish Mines.
             The game lasted 00:32:17 (6749 turns).

Querens the Fighter (Djinni Conjurer)               Turns: 6749, Time: 00:32:18

Health: -20/94     AC:  7    Str:  6    XL:     12   Next: 38%
Gold:   891        EV: 10    Int: 21    God:    Makhleb [*****.] SH: 11 Dex: 13

rFire   + + .      SeeInvis .    e - +2 whip (vamp)
rCold   . . .      Faith    +    m - +0 kite shield
rNeg    + + +      Spirit   .    U - +0 troll leather armour
rPois   ∞          Reflect  .    (no helmet)
rElec   .          Rampage  .    E - +1 cloak of the Insatiable Beasts {rC+ Dex+2}
rCorr   +          Harm     + .  L - +0 pair of gloves
Will    +....                    (boots unavailable)
Stlth   ++                       p - amulet "Anti Pih" {Faith Harm rN+++ Regen+ Int-5}
HPRegen 1.95/turn                l - ring of resist corrosion
MPRegen 0.00/turn                A - ring of wizardry

@: flying
A: sickness immunity, fire resistance 2, cold vulnerability 1, float, innate
caster, HP casting, extra vitality 1
a: Renounce Religion, Minor Destruction, Lesser Servant of Makhleb, Major
Destruction, Greater Servant of Makhleb


You were on level 2 of the Orcish Mines.
You worshipped Makhleb.
Makhleb was extremely pleased with you.
You visited 3 branches of the dungeon, and saw 13 of its levels.

You collected 891 gold pieces.

Inventory:

Hand Weapons
 e - a +2 vampiric whip (weapon)
 M - the +11 great mace of Querens's Bloody Death {spect, *Corrode Fly rC+++ Str-5}
   (You took it off a two-headed ogre on level 7 of the Dungeon)

   Str:       It affects your strength (-5).
   rC:        It renders you almost immune to cold.
   Fly:       It grants you flight.
   *Corrode:  It may corrode you when you take damage.
Missiles
 a - a curare-tipped dart
 v - a throwing net
Armour
 m - a +0 kite shield (worn)
 E - the +1 cloak of the Insatiable Beasts (worn) {rC+ Dex+2}
   (You found it on level 6 of the Dungeon)

   Dex:       It affects your dexterity (+2).
   rC:        It protects you from cold.
 L - a +0 pair of gloves (worn)
 U - a +0 troll leather armour (worn)
Magical Staves
 j - a staff of cold
Jewellery
 l - a ring of resist corrosion (left hand)
 p - the amulet "Anti Pih" (around neck) {Faith Harm rN+++ Regen+ Int-5}
   (You found it on level 3 of the Dungeon)

   [amulet of faith]

   It allows you to gain divine favour quickly.
   Int:       It affects your intelligence (-5).
   rN:        It renders you almost immune to negative energy.
   Regen:     It increases your rate of health regeneration.
   Harm:      It increases damage dealt and taken.
 u - a ring of fire
 A - a ring of wizardry (right hand)
 J - a ring of protection from cold
Wands
 q - a wand of paralysis (12)
 x - a wand of roots (10)
 B - a wand of flame (24)
 O - a wand of acid (6)
Scrolls
 c - 4 scrolls of blinking
 d - 6 scrolls of teleportation
 g - 2 scrolls of fear {unknown}
 o - 4 scrolls of vulnerability {unknown}
 r - 2 scrolls of acquirement {unknown}
 y - 4 scrolls of brand weapon {unknown}
 z - a scroll of enchant weapon {unknown}
 C - a scroll of amnesia {unknown}
 D - a scroll of enchant armour {unknown}
 F - 2 scrolls of poison {unknown}
 I - a scroll of torment {unknown}
 Q - 2 scrolls of magic mapping {unknown}
 R - a scroll of summoning {unknown}
 T - a scroll of fog {unknown}
Potions
 b - 5 potions of curing
 h - 2 potions of ambrosia
 i - 2 potions of lignification
 k - a potion of cancellation {unknown}
 s - 3 potions of invisibility
 t - a potion of degeneration {unknown}
 G - a potion of mutation {unknown}
 H - a potion of haste {unknown}
 K - 2 potions of heal wounds
 N - 2 potions of resistance {unknown}
 P - 2 potions of attraction {unknown}
 S - a potion of might {unknown}


   Skills:
 + Level 11.4 Fighting
 + Level 3.1 Armour
 - Level 2.1 Dodging
 - Level 1.5 Stealth
 - Level 10.0 Shields
 + Level 9.5 Spellcasting


You knew the following spells:

 Your Spells              Type           Power      Damage    Failure   Level
a - Magic Dart            Conj           100%       1d8       1%          1
b - Searing Ray           Conj           100%       2d8       1%          2
c - Dazzling Flash        Conj/Hex       100%       N/A       1%          3
d - Fulminant Prism       Conj/Hex       25%        3d14      1%          4
e - Iskenderun's Mystic   Conj/Tloc      50%        2d11      1%          4
f - Beastly Appendage     Tmut           100%       N/A       1%          1
g - Poisonous Vapours     Pois/Air       100%       N/A       1%          2
h - Gell's Gravitas       Tloc           50%        N/A       1%          3
i - Sticky Flame          Conj/Fire      50%        2d7       1%          4
j - Cause Fear            Hex            25%        N/A       1%          4
Your spell library was empty.

Dungeon Overview and Level Annotations

Branches:
Dungeon (10/15)            Temple (1/1) D:5            Lair (0/5) D:8
    Orc (2/2) D:10
    Elf: Orc:2

Altars:
Ashenzari
Cheibriados
Dithmenos
Elyvilon
Fedhas
Gozag
Hepliaklqana
Makhleb
Nemelex Xobeh
Okawaru
Qazlal
Ru
Trog
Uskayaw
Wu Jian
Xom
Yredelemnul
Zin
The Shining One

Shops:
D:2 (


Innate Abilities, Weirdness & Mutations

You are immune to sickness and miasma.
You are immune to poison.
Your flesh is very heat resistant. (rF++)
You are vulnerable to cold. (rC-)
You float through the air rather than walking.
You learn spells naturally, not from books.
Your magical power is your life essence.
You have superior vitality. (+4 MHP)


Message History

Strange energies course through your body.
The orc knight roars a battlecry!
The orcs go into a battle-frenzy!
You hear a shout!
The neqoxec gestures at you.
Something tries to feed on your intellect!
Okay, then.
Casting: Iskenderun's Mystic Blast (mildly dangerous; 1% risk of failure)
Confirm with . or Enter, or press ? or * to list all spells.
You erupt in a blast of force!
The mystic blast hits the ettin!
The ettin is almost dead.
The orc sorcerer becomes larger for a moment.
Unknown command.
Unknown command.
Unknown command.
Casting: Iskenderun's Mystic Blast (mildly dangerous; 1% risk of failure)
Confirm with . or Enter, or press ? or * to list all spells.
You erupt in a blast of force!
The mystic blast hits the orc warrior.
The orc warrior is severely wounded.
The orc warrior is knocked back by the mystic blast.
The orc warrior collides with the orc knight!
The orc knight is lightly wounded.
You kill the orc warrior!
Makhleb accepts your kill.
You feel better.
The mystic blast hits the ettin!
The ettin is almost dead.
The ettin hits you with a +0 great mace!!
* * * LOW HITPOINT WARNING * * *
The ettin hits you with a +0 dire flail.
* * * LOW HITPOINT WARNING * * *
Unknown command.
Casting: Iskenderun's Mystic Blast (mildly dangerous; 1% risk of failure)
Confirm with . or Enter, or press ? or * to list all spells.
You don't have enough health to cast this spell.
Unknown command.
Unknown command.
Unknown command.
The ettin attacks as you move away!
The ettin hits you with a +0 great mace!!
You die...

##...........##
#.............##
###..............#
##...........)...## ##
##.................####
.###..........###oO......#
.............###........###
........).)### ##C........#
##.........#####@.........#
###.#........##........###
###.......<#......#..#
##..............####
##..............#
##.........#####
#........#.# ##.......###
##.#...##


You could see an ettin, an orc sorcerer (strong) and an ogre.

Vanquished Creatures
  Josephine (Orc:1)
  2 two-headed ogres
  A death knight (D:10)
  The ghost of wamuu the Martial Artist, a novice OpTm of Vehumet (D:7)
  Pikel (D:8)
  An orc knight (Orc:1)
  Joseph (D:7)
  A gargoyle (D:8)
  4 trolls
  A komodo dragon (D:8)
  4 wraiths (Orc:1)
  5 yaks (D:9)
  A wyvern (D:10)
  Grum (D:8)
  An unseen horror simulacrum (D:10)
  2 vampire mosquitoes (D:10)
  A water moccasin (D:7)
  An ice beast (D:6)
  13 orc warriors
  4 black bears
  6 ogres
  3 wolves (D:8)
  2 centaurs
  A phantom (D:5)
  4 lemures (D:8)
  2 kobold brigands (D:10)
  3 bullfrogs
  4 necrophages (D:5)
  4 gnoll sergeants (D:10)
  A scorpion (D:5)
  10 wights
  24 killer bees
  A centaur zombie (D:5)
  7 orc priests
  7 hounds
  2 jellies (D:4)
  3 gnoll boudas
  3 sleepcaps
  An iguana (D:5)
  7 orc wizards
  A hound zombie (D:5)
  A howler monkey zombie (D:5)
  20 gnolls
  7 adders
  An ufetubus (D:6)
  An adder zombie (D:5)
  2 worms (D:2)
  2 dart slugs (D:2)
  17 orcs
  7 endoplasms
  3 giant cockroaches
  8 goblins
  10 hobgoblins
  4 jackals (D:2)
  3 quokkas (D:4)
  7 ball pythons
  4 bats
  3 frilled lizards
  7 kobolds
  8 rats
258 creatures vanquished.

Vanquished Creatures (others)
  11 fulminant prisms
  27 plants
38 creatures vanquished.

Grand Total: 296 creatures vanquished

Notes
Turn   | Place    | Note
-------+----------+-------------------------------------------
     0 | D:1      | Querens the Djinni Conjurer began the quest for the Orb.
     0 | D:1      | Querens set off with the following spells memorised: Magic
                  | Dart, Searing Ray, Dazzling Flash, Fulminant Prism,
                  | Iskenderun's Mystic Blast.
     0 | D:1      | Reached XP level 1. HP: 15/15 MP: 0/0
    86 | D:1      | Reached skill level 1 in Fighting
    86 | D:1      | Reached XP level 2. HP: 5/22 MP: 0/0
   429 | D:1      | Found a faded altar of an unknown god.
   456 | D:1      | Reached XP level 3. HP: 24/27 MP: 0/0
   456 | D:1      | Learned a level 1 spell: Beastly Appendage
   792 | D:2      | Found a shimmering altar of Xom.
   834 | D:2      | Reached skill level 1 in Shields
   943 | D:2      | Reached XP level 4. HP: 13/33 MP: 0/0
   974 | D:2      | Reached skill level 2 in Fighting
  1024 | D:2      | Found Bopulo's Weapon Boutique.
  1324 | D:3      | Reached XP level 5. HP: 29/39 MP: 0/0
  1324 | D:3      | Learned a level 2 spell: Poisonous Vapours
  1378 | D:3      | Found a glowing golden altar of the Shining One.
  1443 | D:3      | Identified the amulet "Anti Pih" {Faith Harm rN+++ Regen+
                  | Int-5}
  1640 | D:4      | Reached skill level 3 in Fighting
  1640 | D:4      | Reached XP level 6. HP: 45/46 MP: 0/0
  2159 | D:4      | Reached XP level 7. HP: 48/51 MP: 0/0
  2159 | D:4      | Learned a level 3 spell: Gell's Gravitas
  2296 | D:5      | Entered Level 5 of the Dungeon
  2308 | D:5      | Reached skill level 4 in Fighting
  2442 | D:5      | Found a blossoming altar of Fedhas.
  2465 | D:5      | Reached skill level 5 in Spellcasting
  2465 | D:5      | Reached XP level 8. HP: 57/58 MP: 0/0
  2478 | D:5      | Reached skill level 5 in Fighting
  2646 | D:5      | Found a staircase to the Ecumenical Temple.
  2652 | Temple   | Entered the Ecumenical Temple
  2759 | Temple   | Became a worshipper of Makhleb the Destroyer
  2782 | D:5      | Reached skill level 5 in Shields
  3109 | D:6      | Reached skill level 6 in Fighting
  3109 | D:6      | Reached XP level 9. HP: 51/66 MP: 0/0
  3109 | D:6      | Learned a level 4 spell: Sticky Flame
  3231 | D:6      | Identified the +1 cloak of the Insatiable Beasts {rC+
                  | Dex+2}
  3409 | D:6      | Found an opulent altar of Gozag.
  3660 | D:6      | Reached * piety under Makhleb
  3901 | D:7      | Reached skill level 7 in Fighting
  4431 | D:7      | Found a transporter.
  4433 | D:7      | Noticed wamuu's ghost (novice OpTm)
  4435 | D:7      | Identified the +11 great mace of Querens's Bloody Death
                  | {spect, *Corrode Fly rC+++ Str-5}
  4435 | D:7      | Noticed a two-headed ogre
  4469 | D:7      | Noticed Joseph
  4481 | D:7      | Killed Joseph
  4563 | D:7      | Found a transporter.
  4573 | D:7      | Killed wamuu's ghost
  4574 | D:7      | Reached skill level 8 in Fighting
  4574 | D:7      | Reached XP level 10. HP: 64/76 MP: 0/0
  4574 | D:7      | Reached ** piety under Makhleb
  4578 | D:7      | Killed a two-headed ogre
  4643 | D:8      | Noticed Grum
  4643 | D:8      | Noticed Pikel
  4650 | D:8      | Killed Grum
  4653 | D:8      | Killed Pikel
  4653 | D:8      | Noticed a gargoyle
  4654 | D:8      | Reached skill level 9 in Fighting
  4860 | D:8      | Noticed a komodo dragon
  4866 | D:8      | Killed a komodo dragon
  4867 | D:8      | Found a staircase to the Lair.
  4918 | D:8      | Reached XP level 11. HP: 84/84 MP: 0/0
  4918 | D:8      | Learned a level 4 spell: Cause Fear
  5106 | D:8      | Reached *** piety under Makhleb
  5420 | D:9      | Found a hide-covered altar of Uskayaw.
  5505 | D:9      | Found a white marble altar of Elyvilon.
  5639 | D:9      | Found a broken altar of Ashenzari.
  5696 | D:9      | Found an ornate altar of the Wu Jian Council.
  5725 | D:9      | Found a hazy altar of Hepliaklqana.
  5745 | D:9      | Reached skill level 10 in Fighting
  5847 | D:10     | Entered Level 10 of the Dungeon
  5923 | D:10     | Noticed a death knight
  5924 | D:10     | Noticed a two-headed ogre
  5935 | D:10     | Killed a two-headed ogre
  6011 | D:10     | Killed a death knight
  6228 | D:10     | Found a staircase to the Orcish Mines.
  6231 | D:10     | Reached **** piety under Makhleb
  6239 | D:10     | Reached XP level 12. HP: 93/93 MP: 0/0
  6325 | D:10     | Reached skill level 11 in Fighting
  6423 | Orc:1    | Entered Level 1 of the Orcish Mines
  6433 | Orc:1    | Reached skill level 1 in Armour
  6539 | Orc:1    | Noticed Josephine
  6546 | Orc:1    | Reached skill level 10 in Shields
  6547 | Orc:1    | Reached ***** piety under Makhleb
  6548 | Orc:1    | Killed Josephine
  6643 | Orc:2    | Entered Level 2 of the Orcish Mines
  6728 | Orc:2    | Noticed an ettin
  6746 | Orc:2    | HP: 2/94 [ettin/+0 great mace (7)]
  6749 | Orc:2    | Demolished by an ettin

Illustrated notes

Levels and vault maps discovered:
D:1:      dpeg_arrival_rhombi, layout_loops_ring,
          shapermc_ecumenical_altar_petra, minmay_vboxes
D:2:      layout_loops_ring, serial_shops, nicolae_shop_bloodbath_and_beyond,
          serial_bayou, serial_bayou_lagoon_a, serial_bayou_shore_b,
          serial_bayou_pond_b, serial_bayou_shore_a, basic_altar
D:3:      layout_rooms, mainiacjoe_overflow_24_doors,
          chequers_serial_rivers_room_b, minmay_tree_intersection
D:4:      layout_loops_corners, minmay_misc_feat_chi,
          nicolae_concentric_dashed_squares_mild
D:5:      lemuel_ice_spiral_2, layout_basic, fedhas_altar_decomposition,
          temple_statues
D:6:      layout_basic, grunt_gozag_breadcrumbs, serial_co_window_serial,
          co_window_paths_b, co_window_of_opportunity_a, co_window_paths_a,
          co_window_cross_1, co_window_paths_a, co_window_paths_b,
          co_window_2corner, co_window_corner_b, co_window_broadway_c,
          co_window_broadway_c, co_window_corner_b, co_window_2corner,
          co_window_paths_e, glass_columns_b, glass_columns_a, glass_columns_a,
          glass_columns_a, glass_columns_a
D:7:      layout_layer_cave, gammafunk_ghost_smash, moated_statue, uniq_joseph
D:8:      layout_loops_ring, david_lair_shrubbed, uniq_grum, uniq_pikel
D:9:      layout_long_grid, amcnicky_altar_gilded, general_overflow_altar,
          lemuel_crystal_altar, mainiacjoe_overflow_alcove_2, ashenzari_altar_1,
          lemuel_crystal_altar
D:10:     layout_basic, mainiacjoe_overflow_small_starburst,
          kennysheep_orc_monster_closet_entryway, minmay_checkerbox
Temple:   hc_temple_tempest_star
Orc:1:    layout_caves, uniq_josephine
Orc:2:    st_orc_pillars, layout_diamond_mine

Skill      XL: |  1  2  3  4  5  6  7  8  9 10 11 12 |
---------------+-------------------------------------+-----
Fighting       | 1 2 3 4 6 8 9 10 11 | 11.4
Shields        | 1 2 3 4 5 6 8 9 10 | 10.0
Spellcasting   | 4 5 7 8 9 |  9.5
Armour         | 3 |  3.1
Dodging        | |  2.1
Stealth        | |  1.5

Action                     |  1- 3 |  4- 6 |  7- 9 | 10-12 || total
---------------------------+-------+-------+-------+-------++-------
  Melee: Whip              |    81 |     6 |       |       ||    87
         Short sword       |       |    17 |     5 |     4 ||    26
   Cast: Magic Dart        |    24 |    13 |    11 |       ||    48
         Searing Ray       |     3 |    24 |    45 |     8 ||    80
         Iskenderun's Myst |       |       |    23 |   116 ||   139
         Fulminant Prism   |       |       |     3 |     8 ||    11
         Dazzling Flash    |       |       |     2 |       ||     2
         Poisonous Vapours |       |       |       |     4 ||     4
    Use: Scroll            |       |       |       |     8 ||     8
   Stab: Sleeping          |       |     3 |       |       ||     3
 Armour: Robe              |    19 |     5 |     9 |    10 ||    43
         Troll leather arm |       |       |       |     9 ||     9
  Dodge: Dodged            |    63 |    19 |    40 |    29 ||   151
  Block: Buckler           |    15 |     8 |    11 |       ||    34
         Kite shield       |       |       |     6 |    37 ||    43

Table legend: (Time is in decaauts)
 A = Elapsed time spent in this place.
 B = Non-inter-level travel time spent in this place.
 C = Inter-level travel time spent in this place.
 D = Time resting spent in this place.
 E = Time spent auto-exploring this place.
 F = Levels seen in this place.
 G = Mean time per level.
                   A        B        C        D        E       F      G
               +--------+--------+--------+--------+--------+-----+--------+
         Total |   6759 |   6221 |    538 |      0 |      0 |  13 |  519.9 |
       Dungeon |   6381 |   5861 |    520 |      0 |      0 |  10 |  638.1 |
        Temple |    124 |    108 |     16 |      0 |      0 |   1 |  124.0 |
  Orcish Mines |    253 |    251 |      2 |      0 |      0 |   2 |  126.5 |
               +--------+--------+--------+--------+--------+-----+--------+

Top non-repeatable levels by time:
     D:7: 843 daAuts
     D:6: 834 daAuts
     D:1: 729 daAuts
     D:4: 704 daAuts
     D:8: 660 daAuts
    D:10: 648 daAuts
     D:5: 565 daAuts
     D:2: 525 daAuts
     D:9: 520 daAuts
     D:3: 348 daAuts
   Orc:1: 147 daAuts
  Temple: 124 daAuts
   Orc:2: 105 daAuts
